 Dungeon Crawl Stone Soup version 0.23.2-40-g277498a001 (webtiles) character file.

Game seed: 782509901041667143

4942 Exodus22XD the Destroyer (level 10, -12/50 HPs)
             Began as a Deep Elf Wizard on Sept 19, 2019.
             Was a Believer of Vehumet.
             Hit by a large rock thrown by a cyclops (44 damage)
             ... on level 11 of the Dungeon.
             The game lasted 00:41:56 (9712 turns).

Exodus22XD the Destroyer (Deep Elf Wizard)          Turns: 9712, Time: 00:41:56

Health: -12/50     AC: 10    Str: 10    XL:     10   Next: 28%
Magic:  35/35      EV: 13    Int: 32    God:    Vehumet [**....]
Gold:   575        SH:  2    Dex: 13    Spells: 13/29 levels left

rFire    . . .     SeeInvis .   v - +2 flail of Zycuommiga {venom, Int+2}
rCold    + . .     Gourm    .   (no shield)
rNeg     . . .     Faith    .   H - +1 robe "Vemp" {rC+ Str+6 Int+3}
rPois    .         Spirit   .   f - +2 helmet
rElec    .         Reflect  +   I - +2 cloak {+Inv}
rCorr    .         Harm     .   (no gloves)
MR       +....                  t - +0 pair of boots
Stlth    ++........             i - +2 amulet of reflection
HPRegen  0.16/turn              c - ring of magical power
MPRegen  0.24/turn              (no ring)

@: no status effects
A: no striking features
a: Renounce Religion, Evoke Invisibility


You were on level 11 of the Dungeon.
You worshipped Vehumet.
Vehumet was pleased with you.
You were near starving.

You visited 2 branches of the dungeon, and saw 12 of its levels.

You collected 575 gold pieces.

Inventory:

Hand Weapons
 v - the +2 flail of Zycuommiga (weapon) {venom, Int+2}
   (You found it on level 5 of the Dungeon)

   It poisons the flesh of those it strikes.
   It affects your intelligence (+2).
Armour
 a - a +0 robe
 f - a +2 helmet (worn)
 t - a +0 pair of boots (worn)
 H - the +1 robe "Vemp" (worn) {rC+ Str+6 Int+3}
   (You found it on level 10 of the Dungeon)

   It affects your strength (+6).
   It affects your intelligence (+3).
   It protects you from cold.
 I - a +2 cloak of invisibility (worn)
Jewellery
 c - a ring of magical power (left hand)
 i - a +2 amulet of reflection (around neck)
 w - an uncursed amulet of magic regeneration {unknown}
 C - an uncursed amulet of the gourmand {unknown}
Wands
 o - a wand of disintegration (25)
 s - a wand of flame (23)
 D - a wand of enslavement (8)
 E - a wand of iceblast (10)
 L - a wand of acid (4)
Scrolls
 b - 3 scrolls of blinking
 j - 7 scrolls of teleportation
 k - 2 scrolls of enchant weapon
 l - 3 scrolls of amnesia
 m - a scroll of fear
 n - 5 scrolls of fog
 p - 5 scrolls of immolation
 q - 8 scrolls of remove curse
 J - a scroll of summoning {unknown}
 M - a scroll of magic mapping {unknown}
Potions
 e - a potion of heal wounds
 g - 3 potions of lignification
 h - 4 potions of curing
 r - a potion of ambrosia {unknown}
 u - 2 potions of mutation {unknown}
 x - a potion of berserk rage {unknown}
 z - a potion of might {unknown}
 A - 2 potions of resistance {unknown}
 B - a potion of flight {unknown}
 G - 3 potions of experience {unknown}
 K - a potion of magic {unknown}
 N - a potion of brilliance {unknown}
Miscellaneous
 y - a lamp of fire
 F - a lightning rod (4/4)
Comestibles
 d - 18 rations


   Skills:
 - Level 2.4 Dodging
 - Level 2.4 Stealth
 - Level 10.2 Spellcasting
 - Level 10.6 Conjurations
 - Level 5.5 Summonings
 - Level 1.1 Translocations
 - Level 4.8 Fire Magic
 - Level 3.0 Air Magic
 - Level 0.2 Poison Magic
 * Level 5.4 Evocations


You had 13 spell levels left.
You knew the following spells:

 Your Spells              Type           Power        Failure   Level  Hunger
a - Shock                 Conj/Air       ####         1%          1    None
b - Call Imp              Summ           ######..     1%          2    None
c - Blink                 Tloc           N/A          2%          2    None
d - Conjure Flame         Conj/Fire      ######..     1%          3    None
e - Mephitic Cloud        Conj/Pois/Air  #####...     1%          3    None
f - Lightning Bolt        Conj/Air       ######....   4%          5    ###....

Your spell library contained the following spells:

 Spells                   Type           Power        Failure   Level  Hunger
 Sandblast                Erth           ###...       3%          1    None
 Magic Dart               Conj           ####         1%          1    None
 Static Discharge         Conj/Air       ######..     1%          3    None
 Swiftness                Chrm/Air       ####....     2%          2    None
 Slow                     Hex            ###.....     4%          2    None
 Airstrike                Air            #####.....   9%          4    None


Dungeon Overview and Level Annotations

Branches:
Dungeon (11/15)            Temple (1/1) D:7
   Lair: D:8-11         Orc: D:9-12

Altars:
Ashenzari
Cheibriados
Dithmenos
Elyvilon
Fedhas
Gozag
Hepliaklqana
Kikubaaqudgha
Makhleb
Nemelex Xobeh
Okawaru
Qazlal
Ru
Sif Muna
Trog
Uskayaw
Vehumet
Wu Jian
Xom
Yredelemnul
Zin
The Shining One

Shops:
D:4 (   D:5 =   D:10 (

Annotations:
D:9 1 runed translucent door, exaltech's ghost, novice GnSk


Message History

Ouch! That really hurt!
* * * LOW HITPOINT WARNING * * *
Press: ? - help, v - describe, . - travel
Here: a cyclops The floor.
Press: ? - help, v - describe, . - travel
Here: a cyclops The floor.
You feel much better.
Casting: Shock (safe; 1% risk of failure)
Confirm with . or Enter, or press ? or * to list all spells.
You can't see any susceptible monsters within range! (Use Z to cast anyway.)
You fail to use your ability.
Press: ? - help, v - describe, . - travel
Here: a cyclops The floor.
You fail to use your ability.
The cyclops throws a large rock.
The large rock hits you!!!
Ouch! That really hurt!
You die...

#...###.
........................
...................C...#
.....................<.#
.#.....................#
........................
......................#.
.......[........!.......
................@..[....
#....................#..
....................##
...................##
..................##
....>.............#
................##.......
...............## #..####
..............## .##


You could see a cyclops.

Vanquished Creatures
  Maurice (D:8)
  Psyche (D:9)
  Prince Ribbit (D:8)
  4 hippogriffs
  A wyvern (D:10)
  A water moccasin (D:3)
  2 orc warriors (D:8)
  3 ice beasts
  A necrophage (D:8)
  5 ogres
  4 centaurs
  3 bullfrogs
  A water moccasin skeleton (D:7)
  2 scorpions
  3 howler monkeys
  A bullfrog zombie (D:6)
  5 crimson imps
  2 jellies
  2 bullfrog skeletons
  6 orc priests
  2 hounds
  6 orc wizards
  5 iguanas
  6 worker ants
  A hound zombie (D:10)
  2 hound skeletons
  7 gnolls (D:7)
  11 adders
  An adder zombie (D:8)
  3 adder skeletons
  3 worms
  A dart slug (D:1)
  4 leopard geckos
  27 orcs
  11 bats
  10 giant cockroaches
  4 goblins
  4 hobgoblins
  7 jackals
  7 quokkas
  4 frilled lizards
  A jackal zombie (D:5)
  7 kobolds
  12 rats
195 creatures vanquished.

Vanquished Creatures (collateral kills)
  2 phantoms
  A worker ant (D:8)
3 creatures vanquished.

Grand Total: 198 creatures vanquished

Notes
Turn   | Place    | Note
-------+----------+-------------------------------------------
     0 | D:1      | Exodus22XD the Deep Elf Wizard began the quest for the Orb.
     0 | D:1      | Reached XP level 1. HP: 10/10 MP: 7/7
   239 | D:1      | Reached XP level 2. HP: 15/15 MP: 7/9
   871 | D:2      | Reached XP level 3. HP: 19/19 MP: 5/10
  1344 | D:3      | Noticed a centaur
  1485 | D:3      | Reached XP level 4. HP: 24/24 MP: 6/12
  1567 | D:3      | Learned a level 2 spell: Call Imp
  1570 | D:3      | Learned a level 2 spell: Blink
  1574 | D:3      | Learned a level 3 spell: Conjure Flame
  1578 | D:3      | Learned a level 3 spell: Mephitic Cloud
  1664 | D:3      | Killed a centaur
  1664 | D:3      | Reached skill level 5 in Conjurations
  1664 | D:3      | Reached XP level 5. HP: 28/28 MP: 0/13
  2115 | D:3      | Noticed a water moccasin
  2144 | D:3      | Killed a water moccasin
  2587 | D:4      | Reached XP level 6. HP: 32/32 MP: 2/14
  2673 | D:4      | Found Mifuet's Antique Weapon Shop.
  3079 | D:4      | Reached skill level 1 in Fire Magic
  3228 | D:4      | Found a deep blue altar of Sif Muna.
  3331 | D:4      | Found a shadowy altar of Dithmenos.
  3719 | D:4      | Found a sacrificial altar of Ru.
  3753 | D:4      | Found a stormy altar of Qazlal.
  3786 | D:5      | Entered Level 5 of the Dungeon
  3872 | D:5      | Reached XP level 7. HP: 36/36 MP: 8/15
  3942 | D:5      | Got an ancient flail
  3943 | D:5      | Identified the +2 flail of Zycuommiga {venom, Int+2} (You
                  | found it on level 5 of the Dungeon)
  4017 | D:5      | Reached skill level 5 in Spellcasting
  4028 | D:5      | Found a white marble altar of Elyvilon.
  4690 | D:5      | Found Idis Omu's Jewellery Boutique.
  4735 | D:5      | Found a shimmering altar of Xom.
  4736 | D:5      | Found a hide-covered altar of Uskayaw.
  5002 | D:6      | Reached XP level 8. HP: 39/41 MP: 21/21
  5294 | D:7      | Noticed a hippogriff
  5296 | D:7      | Found a hazy altar of Hepliaklqana.
  5305 | D:7      | Killed a hippogriff
  5309 | D:7      | Reached skill level 10 in Spellcasting
  5451 | D:7      | Found a staircase to the Ecumenical Temple.
  5458 | Temple   | Entered the Ecumenical Temple
  5463 | Temple   | Became a worshipper of Vehumet
  5659 | D:7      | Noticed a hippogriff
  5668 | D:7      | Killed a hippogriff
  5816 | D:7      | You fall through a shaft for 2 floors!
  5977 | D:9      | Reached XP level 9. HP: 45/45 MP: 25/25
  6046 | D:9      | Noticed Psyche
  6056 | D:9      | Killed Psyche
  6056 | D:9      | Reached skill level 5 in Summonings
  6231 | D:8      | Found a glowing golden altar of the Shining One.
  6231 | D:8      | Noticed Maurice
  6233 | D:8      | Noticed Prince Ribbit
  6240 | D:8      | Killed Maurice
  6247 | D:8      | Killed Prince Ribbit
  6470 | D:9      | Reached * piety under Vehumet
  6470 | D:9      | Offered knowledge of Flame Tongue by Vehumet.
  6493 | D:9      | Noticed exaltech's ghost (novice GnSk)
  6518 | D:9      | Reached skill level 10 in Conjurations
  6689 | D:9      | Found a runed translucent door.
  7040 | D:9      | Found a snail-covered altar of Cheibriados.
  7445 | D:8      | Noticed a death yak
  7507 | D:7      | Reached skill level 1 in Evocations
  7788 | D:7      | Found a sparkling altar of Nemelex Xobeh.
  8315 | D:8      | Noticed a death yak
  8400 | D:8      | Reached XP level 10. HP: 44/50 MP: 15/26
  8548 | D:8      | Reached ** piety under Vehumet
  8700 | D:8      | Learned a level 5 spell: Lightning Bolt
  8703 | D:8      | Learned a level 1 spell: Shock
  8797 | D:10     | Entered Level 10 of the Dungeon
  8801 | D:10     | Offered knowledge of Sandblast by Vehumet.
  8847 | D:10     | Reached skill level 1 in Air Magic
  9000 | D:10     | Got a crude robe
  9011 | D:10     | Identified the +1 robe "Vemp" {rC+ Str+6 Int+3} (You found
                  | it on level 10 of the Dungeon)
  9163 | D:10     | Found Sacver's Weapon Boutique.
  9318 | D:10     | Reached skill level 5 in Evocations
  9708 | D:11     | Noticed a cyclops
  9712 | D:11     | Hit by a large rock thrown by a cyclops

Skill      XL: |  1  2  3  4  5  6  7  8  9 10 |
---------------+-------------------------------+-----
Conjurations   | 2 3 4 5 7 10 | 10.6
Summonings     | 3 4 5 |  5.5
Fire Magic     | 4 |  4.8
Spellcasting   | 7 10 | 10.2
Evocations     | 3 5 |  5.4
Air Magic      | 3 |  3.0
Dodging        | |  2.4
Stealth        | |  2.4
Translocations | |  1.1
Poison Magic   | |  0.2

Action                   |  1- 3 |  4- 6 |  7- 9 | 10-12 || total
-------------------------+-------+-------+-------+-------++-------
Melee: Short sword       |       |     6 |     1 |       ||     7
       Flail             |       |       |    32 |    10 ||    42
 Cast: Magic Dart        |    85 |   130 |   330 |    30 ||   575
       Mephitic Cloud    |       |     3 |    20 |     4 ||    27
       Conjure Flame     |       |     6 |    24 |     5 ||    35
       Call Imp          |       |     2 |    12 |       ||    14
       Blink             |       |       |     1 |     1 ||     2
       Shock             |       |       |       |    47 ||    47
Evoke: Wand              |       |     2 |     1 |       ||     3
  Use: Scroll            |       |     7 |     5 |     5 ||    17
       Potion            |       |       |     1 |     3 ||     4
  Eat: Chunk             |     2 |     3 |    15 |     2 ||    22
       Ration            |       |     1 |       |       ||     1
Armor: Robe              |     3 |     6 |    23 |    10 ||    42
Dodge: Dodged            |    13 |    20 |    76 |    27 ||   136
Block: Other             |       |     2 |     5 |     2 ||     9
       Reflection        |       |       |     1 |       ||     1
